 Dungeon Crawl Stone Soup version 0.30.0-29-ga12c61a403 (webtiles) character file.

Game seed: 13361672473621557480

2324 Nicoed the Cleaver (level 9, -7/71 HPs)
             Began as a Minotaur Fighter on June 12, 2023.
             Was a Believer of Okawaru.
             Mangled by an orc warrior
             ... wielding a +0 trident
              (10 damage)
             ... in a bailey.
             The game lasted 00:08:27 (5284 turns).

Nicoed the Cleaver (Minotaur Fighter)               Turns: 5284, Time: 00:08:28

Health: -7/71      AC: 12    Str: 24    XL:     9   Next: 19%
Magic:  12/12      EV:  9    Int:  5    God:    Okawaru [**....]
Gold:   542        SH:  4    Dex: 11    Spells: 8/8 levels left

rFire   . . .        p - +6 whip of the World {freeze, SInv}
rCold   + . .        c - +0 buckler
rNeg    . . .        b - +0 scale mail
rPois   .            (helmet restricted)
rElec   .            v - +0 cloak
rCorr   .            (no gloves)
SInv    +            (no boots)
Will    .....        (no amulet) Stlth
                     f - ring of protection from cold
HPRegen 0.31/turn    h - +4 ring of protection
MPRegen 0.13/turn

%: no passive effects
@: attractive
A: horns 2, retaliatory headbutt
a: Renounce Religion, Heroism


You were in a bailey.
You worshipped Okawaru.
Okawaru was pleased with you.
You visited 2 branches of the dungeon, and saw 8 of its levels.
You also visited: Sewer and Bailey.

You collected 542 gold pieces.

Inventory:

Hand Weapons
 a - a +0 war axe
 p - the +6 whip of the World (weapon) {freeze, SInv}
   (You found it on level 3 of the Dungeon)

   SInv:      It lets you see invisible.
Armour
 b - a +0 scale mail (worn)
 c - a +0 buckler (worn)
 v - a +0 cloak (worn)
Jewellery
 f - a ring of protection from cold (left hand)
 h - a +4 ring of protection (right hand)
Wands
 t - a wand of flame (21)
 w - a wand of acid (16)
Scrolls
 e - a scroll of noise {unknown}
 g - a scroll of poison {unknown}
 j - 3 scrolls of identify {unknown}
 k - 5 scrolls of teleportation
 l - 4 scrolls of immolation {unknown}
 m - 2 scrolls of fear {unknown}
 o - 3 scrolls of torment {unknown}
 q - a scroll of vulnerability {unknown}
 s - 2 scrolls of butterflies {unknown}
 x - a scroll of brand weapon {unknown}
 y - a scroll of magic mapping {unknown}
Potions
 r - 5 potions of flight
 u - a potion of berserk rage {unknown}
 z - a potion of brilliance {unknown}
 A - a potion of invisibility {unknown}


   Skills:
 - Level 4.0 Fighting
 + Level 12.6 Axes
 - Level 4.0 Armour
 - Level 4.0 Shields
 + Level 5.8 Invocations


You had 8 spell levels left.
You didn't know any spells.
Your spell library contained the following spells:

 Spells                   Type           Power      Damage    Failure   Level
 Freeze                   Ice            0%         1d3       83%         1
 Scorch                   Fire           0%         2d5       92%         2
 Frozen Ramparts          Ice            0%         1d1       99%         3
 Hailstorm                Conj/Ice       0%         3d3       99%         3
 Vhi's Electric Charge    Tloc/Air       0%         N/A       99%         3
 Flame Wave               Conj/Fire      0%         2d4       100%        4
 Arcjolt                  Conj/Air       0%         1d10      100%        5
 Iskenderun's Battlesphe  Conj           0%         2d6       100%        5
 Iron Shot                Conj/Erth      0%         9d1       100%        6
 Plasma Beam              Fire/Air       0%         2x1d11    100%        6
 Summon Cactus Giant      Summ           Unusable   N/A       N/A         6
 Spellforged Servitor     Conj/Summ      Unusable   N/A       N/A         7

Dungeon Overview and Level Annotations

Branches:
Dungeon (7/15)             Temple (1/1) D:5           Sewer (visited)
 Bailey (1/1)

Altars:
Elyvilon
Fedhas
Hepliaklqana
Kikubaaqudgha
Makhleb
Okawaru
Sif Muna
Yredelemnul

Shops:
D:5 ?


Innate Abilities, Weirdness & Mutations

You have a pair of horns on your head.
You reflexively headbutt those who attack you in melee.


Message History

Things that are here:
a +0 spear; a +0 chain mail Unknown command.
Things that are here:
a +0 spear; a +0 ring mail
Things that are here:
a +0 halberd; a +0 scale mail You start resting.
Magic restored.
You feel like a meek peon again.
You start resting.
An orc warrior comes into view. It is wielding a +0 trident.
The orc warrior shouts!
The orc warrior hits you from afar with a +0 trident.
An orc knight comes into view. It is wielding a +0 trident.
The orc warrior hits you with a +0 trident.
You closely miss the orc warrior.
The orc knight roars a battlecry!
The orc warrior goes into a battle-frenzy!
The orc warrior hits you with a +0 trident!
Okay, then.
The orc warrior hits you with a +0 trident!
* * * LOW HITPOINT WARNING * * *
Aiming: Corrosive Bolt
Press: ? - help, Shift-Dir - straight line, f - orc warrior
Aim: an orc warrior, wielding a +0 trident and wearing a +0 plate armour (strong, 71% to hit)
The bolt of acid hits the orc warrior!
The acid corrodes the orc warrior!
The orc warrior is moderately wounded.
The bolt of acid hits the orc knight.
The orc knight is lightly wounded.
The orc warrior hits you with a +0 trident!
* * * LOW HITPOINT WARNING * * *
Unknown command.
Unknown command.
Unknown command.
It was a potion of attraction.
You feel attractive to monsters.
An orc comes into view. It is wielding a +0 spear.
The orc warrior hits you with a +0 trident!
You die...

♣♣♣♣♣♣♣♣ ♣♣......♣♣
♣........♣
#♣..∩..∩..♣#
#..........#
##..........##
###............#
♣♣............♣.
#♣..♣.♣....@..♣♣.
#≈≈.....)).o.......
#≈≈≈....#)...#.....
#≈≈≈≈≈≈≈#).o.#≈≈≈≈.
#≈≈≈≈≈≈≈#....# ≈≈≈
#≈≈≈≈≈≈≈#)...# ≈≈≈≈
#♣♣≈≈≈≈≈#....#≈≈≈≈≈
♣♣♣...#...o#...≈
....♣...........


You could see an orc knight, an orc warrior (strong, corroded) and an orc
(strong).

Vanquished Creatures
  Menkaure (D:4)
  2 black bears
  4 orc warriors (Bailey)
  3 ice beasts
  A kobold brigand (D:5)
  2 scorpions (D:5)
  5 wights (D:6)
  A gnoll bouda (D:6)
  6 hounds
  3 jellies
  A sleepcap (D:5)
  4 iguanas
  A sickly merfolk siren (Sewer)
  A malarious merfolk avatar (Sewer)
  15 gnolls
  13 adders
  A river rat (Sewer)
  A white imp (D:6)
  An ufetubus (D:3)
  5 worms
  2 dart slugs
  23 orcs
  6 ball pythons
  3 bats
  8 endoplasms
  4 giant cockroaches
  14 goblins
  11 hobgoblins
  8 quokkas
  4 frilled lizards
  8 kobolds
  32 rats
194 creatures vanquished.

Notes
Turn   | Place    | Note
-------+----------+-------------------------------------------
     0 | D:1      | Nicoed the Minotaur Fighter began the quest for the Orb.
     0 | D:1      | Reached XP level 1. HP: 19/19 MP: 0/0
   121 | D:1      | Reached XP level 2. HP: 27/27 MP: 1/1
   451 | D:2      | Reached skill level 3 in Axes
   522 | D:2      | Reached XP level 3. HP: 31/33 MP: 2/2
  1119 | D:3      | Reached skill level 4 in Axes
  1189 | D:3      | Reached XP level 4. HP: 40/40 MP: 3/3
  1232 | D:3      | Reached skill level 5 in Axes
  1363 | D:3      | Identified the +6 whip of the World {freeze, SInv}
  1475 | D:3      | Reached XP level 5. HP: 39/46 MP: 4/4
  1558 | D:3      | Noticed an ice beast
  1558 | D:3      | Noticed a black bear
  1561 | D:3      | Reached skill level 6 in Axes
  1567 | D:3      | Killed an ice beast
  1568 | D:3      | Reached skill level 7 in Axes
  1571 | D:3      | Killed a black bear
  1572 | D:3      | Reached XP level 6. HP: 39/52 MP: 5/5
  2178 | D:4      | Noticed Menkaure
  2185 | D:4      | Killed Menkaure
  2186 | D:4      | Reached skill level 8 in Axes
  2192 | D:4      | Reached XP level 7. HP: 44/59 MP: 6/6
  2298 | D:4      | Found a hazy altar of Hepliaklqana.
  2329 | D:4      | Reached skill level 9 in Axes
  2986 | D:5      | Entered Level 5 of the Dungeon
  3038 | D:5      | Found a staircase to the Ecumenical Temple.
  3044 | D:5      | Reached skill level 10 in Axes
  3055 | Temple   | Entered the Ecumenical Temple
  3074 | Temple   | Became a worshipper of Warmaster Okawaru
  3146 | D:5      | Found Kytaoh's Magic Scroll Shoppe.
  3203 | D:5      | Found a glowing drain.
  3216 | Sewer    | Entered a sewer
  3335 | Sewer    | Reached skill level 1 in Invocations
  3546 | D:5      | Found a faded altar of an unknown god.
  3546 | D:5      | Found a burning altar of Makhleb.
  3554 | D:5      | Found a faded altar of an unknown god.
  3556 | D:5      | Found a basalt altar of Yredelemnul.
  3558 | D:5      | Found a blossoming altar of Fedhas.
  3594 | D:5      | Reached XP level 8. HP: 49/66 MP: 8/8
  3851 | D:5      | Reached * piety under Okawaru
  3852 | D:5      | Reached skill level 11 in Axes
  4560 | D:6      | Reached skill level 12 in Axes
  4688 | D:6      | Reached skill level 5 in Invocations
  4752 | D:6      | Reached ** piety under Okawaru
  5135 | D:7      | Found a flagged portal.
  5151 | Bailey   | Entered a bailey
  5203 | Bailey   | Reached XP level 9. HP: 26/71 MP: 9/12
  5280 | Bailey   | Noticed an orc knight
  5283 | Bailey   | HP: 3/71 [orc warrior/+0 trident (12)]
  5284 | Bailey   | Mangled by an orc warrior

Illustrated notes

Levels and vault maps discovered:
D:1:      psy_arrival_whirlpool, layout_rooms
D:2:      layout_loops_ring
D:3:      layout_basic, kennysheep_path_1, minmay_misc_feat_plants,
          minmay_divided_ellipse
D:4:      layout_basic, mainiacjoe_overflow_six_doors_small, uniq_menkaure
D:5:      layout_rooms, chequers_temple_overflow_minitemple, temple_hall,
          serial_shops, nicolae_shop_tiny_waterfront, gup_sewer_entry_bubbles,
          water_boxes_lemuel
D:6:      layout_loops_ring
D:7:      layout_rooms, kb_xom_exploding_sheep, lightli_bailey_entry_fortress,
          minmay_misc_feat_iff
Temple:   bh_familiar_temple
Bailey:   bailey_polearm_elven_captive_hellmonk, bailey

Skill      XL: |  1  2  3  4  5  6  7  8 |
---------------+-------------------------+-----
Shields        | 4 |  4.0
Fighting       | 4 |  4.0
Armour         | 4 |  4.0
Axes           | 3 4 5 7 8 10 12 | 12.6
Invocations    | 1 5 |  5.8

Action                     |  1- 3 |  4- 6 |  7- 9 || total
---------------------------+-------+-------+-------++-------
  Melee: War axe           |    60 |    84 |       ||   144
         Headbutt          |     7 |    15 |    40 ||    62
         Whip              |       |    15 |   284 ||   299
 Invoke: Heroism           |       |       |     2 ||     2
  Evoke: Wand              |       |     2 |     4 ||     6
    Use: Potion            |       |     3 |     2 ||     5
 Armour: Scale mail        |    33 |    46 |   113 ||   192
  Dodge: Dodged            |    38 |    40 |    95 ||   173
  Block: Buckler           |     8 |    22 |    53 ||    83
